 Dungeon Crawl Stone Soup version 0.19.6-3-g7d5932f76a (webtiles) character file.

1412030 grothendieck the Ninja (level 27, 155/155 HPs)
             Began as a Spriggan Enchanter on Oct 15, 2023.
             Was the Champion of Dithmenos.
             Escaped with the Orb
             ... and 3 runes on Oct 21, 2023!
             The game lasted 16:21:08 (131833 turns).

grothendieck the Ninja (Spriggan Enchanter)       Turns: 131833, Time: 16:21:09

Health: 155/155    AC: 19    Str: 10    XL:     27
Magic:  15/38      EV: 36    Int: 38    God:    Dithmenos [******]
Gold:   2785       SH: 11    Dex: 20    Spells: 16 memorised, 3 levels left

rFire  + + .     SeeInvis +     a - +9 quick blade (elec)
rCold  + + .     Gourm    .     t - +8 faerie dragon scales {+Inv rF+}
rNeg   + + +     Faith    .     p - +3 buckler {rF+}
rPois  +         Spirit   .     J - +0 hat of Fitil Xyri {rCorr Int+4}
rElec  +         Reflect  .     K - +1 cloak "Imoecog" {rElec Int+4}
rCorr  +         Harm     .     (gloves unavailable)
MR     ++++.     NoTele   +     (boots unavailable)
Stlth  ++++++....               g - amulet of Zaulaj {-Tele rC++ rN+++ Regen+}
                                m - ring "Peqifon" {Str+3 Int+3 Dex+2}
                                X - ring of poison resistance

@: wreathed by umbra, studying Shields, very quick
A: unfitting armour, see invisible, clever 1, herbivore 3, speed 3, low mp 1,
slow metabolism 2
a: Shadow Step, Shadow Form, Renounce Religion, Evoke Invisibility
0: Orb of Zot
}: 3/15 runes: serpentine, barnacled, abyssal


You escaped.
You worshipped Dithmenos.
Dithmenos was exalted by your worship.
You were completely stuffed.

You visited 11 branches of the dungeon, and saw 52 of its levels.
You visited the Abyss 2 times.
You also visited: Sewer and Desolation.

You collected 7817 gold pieces.
You spent 5032 gold pieces at shops.

Inventory:

Hand Weapons
 a - a +9 quick blade of electrocution (weapon)
 b - a +5 demon blade of freezing
 O - the +10 sword of Jihad {holy, *Rage rN+ EV+3}
   (You found it on level 3 of the Realm of Zot)

   It has been blessed by the Shining One to cause great damage to the undead
   and demons.
   It affects your evasion (+3).
   It protects you from negative energy.
   It may make you go berserk in combat.
Missiles
 H - 25 throwing nets (quivered)
Armour
 p - a +3 buckler of fire resistance (worn)
 t - the +8 faerie dragon scales (worn) {+Inv rF+}
   (You took it off the Enchantress on level 2 of the Depths)

   It protects you from fire.
   It lets you turn invisible.
 J - the +0 hat of Fitil Xyri (worn) {rCorr Int+4}
   (You acquired it on level 3 of the Vaults)

   It affects your intelligence (+4).
   It protects you from acid and corrosion.
 K - the +1 cloak "Imoecog" (worn) {rElec Int+4}
   (You found it on level 3 of the Elven Halls)

   It affects your intelligence (+4).
   It insulates you from electricity.
Jewellery
 g - the amulet of Zaulaj (around neck) {-Tele rC++ rN+++ Regen+}
   (You bought it in a shop on level 1 of the Vaults)

   [amulet of regeneration]

   It greatly protects you from cold.
   It renders you almost immune to negative energy.
   It prevents most forms of teleportation.
   It increases your rate of regeneration.
 m - the ring "Peqifon" (right hand) {Str+3 Int+3 Dex+2}
   (You found it on level 2 of the Elven Halls)

   [ring of intelligence]

   It affects your strength (+3).
   It affects your intelligence (+3).
   It affects your dexterity (+2).
 r - the ring of Xufesaj {rPois Dex+2 Stlth+}
   (You took it off an orc priest on level 9 of the Dungeon)

   [ring of poison resistance]

   It affects your dexterity (+2).
   It protects you from poison.
   It makes you more stealthy.
 M - the amulet of Boruzy {Gourm +Fly Str+4}
   (You found it on level 2 of the Elven Halls)

   [amulet of the gourmand]

   It allows you to eat raw meat even when not hungry.
   It affects your strength (+4).
   It lets you fly.
 Q - an uncursed amulet of magic regeneration
 S - the ring of a Thousand Seas {rPois MR+++ AC+2 Int-2 Dex+4}
   (You found it in the Desolation of Salt)

   [ring of protection]

   It affects your AC (+2).
   It affects your intelligence (-2).
   It affects your dexterity (+4).
   It protects you from poison.
   It affects your resistance to hostile enchantments.
 X - a ring of poison resistance (left hand)
Wands
 s - a wand of heal wounds (6/9)
 w - a wand of digging (24/24)
 y - a wand of acid (12/15)
 D - a wand of iceblast (8/15)
 Y - a wand of disintegration (17/24)
Scrolls
 f - 15 scrolls of teleportation
 j - 11 scrolls of recharging
 l - 12 scrolls of remove curse
 u - 9 scrolls of blinking
 v - 8 scrolls of identify
 B - 9 scrolls of fog
 C - 6 scrolls of magic mapping
 F - 12 scrolls of fear
 N - 5 scrolls of vulnerability
Potions
 c - a potion of invisibility
 e - 19 potions of heal wounds
 i - 2 potions of flight
 k - 2 potions of might
 n - 2 potions of lignification
 o - 26 potions of curing
 A - 5 potions of haste
 G - a potion of cancellation
 I - a potion of cure mutation
 L - 5 potions of agility
 P - 3 potions of brilliance
 R - 4 potions of resistance
 V - 6 potions of berserk rage
 W - 5 potions of magic
Books
 x - a book of Geomancy

   Spells                             Type                      Level
   a - Sandblast                      Earth                        1
   b - Passwall                       Transmutation/Earth          2
   c - Stone Arrow                    Conjuration/Earth            3
   d - Petrify                        Transmutation/Earth          4
   e - Lee's Rapid Deconstruction     Earth                        5
 z - a manual of Shields
Miscellaneous
 h - 8 boxes of beasts
 T - a phantom mirror
 Z - a sack of spiders
Comestibles
 E - 19 bread rations


   Skills:
 + Level 19.4 Fighting
 - Level 10.7(15.0) Short Blades
 - Level 13.6(14.3) Long Blades
   Level 0.8 Axes
 - Level 10.4 Armour
 + Level 23.4 Dodging
 O Level 27 Stealth
 - Level 7.2 Shields
 - Level 14.5 Spellcasting
 - Level 18.1 Hexes
 - Level 14.5 Charms
 - Level 12.1 Summonings
 + Level 3.1 Necromancy
 - Level 5.8 Translocations
 - Level 2.4 Transmutations
 - Level 10.7 Air Magic
 - Level 1.6 Earth Magic
 + Level 13.4 Invocations
 + Level 18.7 Evocations


You had 3 spell levels left.
You knew the following spells:

 Your Spells              Type           Power        Failure   Level  Hunger
a - Apportation           Tloc           ######....   1%          1    None
b - Blink                 Tloc           N/A          1%          2    None
c - Confuse               Hex            ########     0%          3    None
d - Dazzling Spray        Conj/Hex       ######       1%          3    None
e - Swiftness             Chrm/Air       #######.     0%          2    None
j - Summon Butterflies    Summ           #######.     0%          1    None
k - Shadow Creatures      Summ           N/A          1%          6    None
l - Summon Lightning Spi  Summ/Air       #######.     1%          4    None
m - Deflect Missiles      Chrm/Air       #######...   1%          6    None
p - Passage of Golubria   Tloc           N/A          1%          4    None
r - Regeneration          Chrm/Necr      #######...   1%          3    None
s - Ensorcelled Hibernat  Hex/Ice        ######       1%          2    None
t - Tukima's Dance        Hex            ########     0%          3    None
v - Summon Mana Viper     Hex/Summ       #######.     1%          5    None
w - Passwall              Tmut/Erth      #####.....   1%          2    None
U - Silence               Hex/Air        #######...   1%          5    None


Dungeon Overview and Level Annotations

Branches:
Dungeon (15/15)            Temple (1/1) D:6            Lair (6/6) D:11
 Shoals (4/4) Lair:2        Snake (4/4) Lair:3        Slime (0/5) Lair:6
    Orc (2/2) D:10            Elf (3/3) Orc:2        Vaults (4/5) D:13
  Crypt (3/3) Vaults:2     Depths (5/5) D:15            Zot (5/5) Depths:5
   Tomb: Crypt:3

Altars:
Ashenzari
Cheibriados
Dithmenos
Elyvilon
Fedhas
Gozag
Hepliaklqana
Kikubaaqudgha
Makhleb
Nemelex Xobeh
Okawaru
Qazlal
Ru
Sif Muna
Trog
Uskayaw
Vehumet
Xom
Yredelemnul
Zin
The Shining One
Beogh

Shops:
D:5 *   D:8 *   D:11 %   Orc:2 :*(?:   Elf:3 =   Shoals:3 (   Shoals:4 }
Snake:1 *(}(   Snake:3 (   Snake:4 }}=   Vaults:1 =   Vaults:2 =}   Vaults:4 ?

Portals:
Hell: Depths:1 Depths:2 Depths:3 Depths:4 Depths:5
Abyss: Depths:4 Depths:5
Pandemonium: Depths:2 Depths:3
Ziggurat: Depths:3

Annotations:
Lair:2 exclusion: 2 upstairs
Elf:2 3 runed doors
Vaults:2 exclusion: downstairs
Vaults:3 Mara
Depths:3 4 exclusions


Innate Abilities, Weirdness & Mutations

You are very small and have problems with some larger weapons.
You are too small for most types of armour.
You have supernaturally acute eyesight. (SInv)
You are a herbivore.
You cover ground extremely quickly.
You need consume almost no food.
Your mind is acute. (Int +2)
Your magical capacity is low. (-10% MP)


Message History

Confirm with . or Enter, or press ? or * to list all spells.
Your kobold hits the plant but does no damage.
Casting: Summon Butterflies
Confirm with . or Enter, or press ? or * to list all spells.
Wisps of shadow whirl around you...
Your kobold hits the plant but does no damage.
Casting: Shadow Creatures
Confirm with . or Enter, or press ? or * to list all spells.
Nothing appears to happen.
Your kobold hits the plant but does no damage.
Casting: Summon Mana Viper
Confirm with . or Enter, or press ? or * to list all spells.
A mana viper appears with a sibilant hiss.
Your kobold hits the plant but does no damage.
Casting: Summon Mana Viper
Confirm with . or Enter, or press ? or * to list all spells.
Nothing appears to happen.
Your kobold hits the plant but does no damage.
Your kobold hits the plant but does no damage.
You have escaped! ♣♣ ♣ ♣♣♣P♣ ♣♣♣♣♣♣ ≈≈≈♣♣♣..♣ ♣PrKg♣♣ ≈≈≈♣ ♣.♣.♣ ♣Kb@SK♣♣ ≈♣ ♣♣.♣♣ ♣gggSbb♣

♣♣ ♣.♣♣
♣g♣bb♣♣♣
♣♣.♣♣
♣♣b.♣♣
♣♣.♣
♣♣b♣♣
♣♣♣..♣
♣b.♣ ♣
♣♣..♣♣♣
♣♣.♣ ♣♣
♣♣.♣♣♣
♣.♣
.♣♣♣.♣♣
♣♣♣.♣


You could see a friendly mana viper, 5 friendly goblins, a friendly bat, a
friendly ball python, 3 friendly kobolds and a friendly rat.

Vanquished Creatures
  An ancient lich (Zot:5)
  A juggernaut (Abyss:3)
  6 orbs of fire
  Boris (Depths:3)
  Frederick (Depths:3)
  4 curse toes
  4 caustic shrikes
  Saint Roka (Depths:2)
  14 golden dragons
  5 Killer Klowns
  the Enchantress (Depths:2)
  Jory (Depths:3)
  Nikola (Shoals:2)
  2 bone dragons
  2 electric golems
  18 tentacled monstrosities
  Jorgrun (Shoals:3)
  6 liches
  3 titans
  Polyphemus (Shoals:1)
  2 deep elf master archers (Elf:3)
  A deep elf blademaster (Elf:3)
  5 quicksilver dragons
  24 Orb Guardians
  4 ancient champions
  A kraken (Shoals:3)
  2 sphinxes (Depths:3)
  5 tengu reavers
  Kirke (Lair:3)
  3 revenants
  10 death cobs
  6 draconian monks
  12 shadow dragons
  24 storm dragons
  16 frost giants
  8 draconian knights
  9 fire giants
  8 nagarajas
  3 imperial myrmidons (Desolation)
  5 deep elf sorcerers
  8 ghost moths
  5 iron dragons
  An orc warlord (Depths:4)
  An emperor scorpion (D:15)
  A ghost moth (shapeshifter) (Vaults:2)
  Aizul (Snake:1)
  7 draconian scorchers
  4 deep elf elementalists
  10 vault wardens
  6 draconian shifters
  Louise (Depths:5)
  7 spriggan defenders
  An angel (Abyss:3)
  6 draconian zealots
  4 draconian annihilators
  6 ghouls
  2 reapers (Crypt:2)
  16 ironheart preservers
  45 very ugly things
  6 draconian callers
  10 vampire knights
  13 stone giants
  2 ophanim (Abyss:3)
  12 green draconians
  5 deep elf demonologists
  12 mottled draconians
  9 black draconians
  15 deep elf annihilators
  7 red draconians
  Azrael (D:14)
  13 purple draconians
  A dire elephant (D:15)
  4 yellow draconians
  5 spark wasps
  7 eidola
  14 white draconians
  8 merfolk javelineers
  11 fire dragons
  7 merfolk impalers
  8 deep elf death magi
  11 ettins
  The ghost of flt the Grappler, a journeyman TrMo of Trog (D:11)
  22 yaktaur captains
  5 ragged hierophants (Desolation)
  5 deep elf high priests
  3 crystal guardians
  9 jiangshi
  9 hydras
  10 servants of whispers (Desolation)
  18 ice dragons
  9 great orbs of eyes
  10 rakshasas
  15 naga warriors
  13 peacekeepers (Desolation)
  9 merfolk aquamancers
  A quicksilver dragon skeleton (Crypt:1)
  10 vault guards
  Harold (D:11)
  10 anacondas
  5 spriggan air magi
  9 centaur warriors
  A merfolk avatar (Shoals:2)
  4 catoblepae
  14 deep troll shamans
  9 ogre magi
  6 deep troll earth magi
  18 death yaks
  Urug (Orc:1)
  18 dancing weapons
  A titan zombie (Depths:1)
  4 satyrs
  16 naga sharpshooters
  9 tengu warriors
  7 shock serpents
  2 orc high priests (Depths:4)
  2 thrashing horrors (Abyss:3)
  13 hell knights
  3 soul eaters
  10 vampire magi
  5 spriggan berserkers
  19 deep elf knights
  Sonja (D:10)
  A sun demon (Depths:5)
  2 shadow wraiths
  A fire crab (shapeshifter) (Vaults:1)
  22 skeletal warriors
  9 iron trolls
  Nergalle (D:10)
  A sea snake (shapeshifter) (Vaults:4)
  4 salamander mystics
  2 cherubim (Abyss:3)
  An entropy weaver zombie (Crypt:1)
  A sixfirhy (Abyss:2)
  14 sea snakes
  36 deep trolls
  3 unseen horrors
  6 glowing orange brains
  An obsidian statue (Zot:5)
  A glowing orange brain (shapeshifter) (Depths:3)
  An unseen horror (shapeshifter) (Vaults:3)
  4 flayed ghosts
  17 deep elf archers
  3 wizards
  18 ironbrand convokers
  11 hill giants
  A stone giant zombie (Abyss:3)
  8 naga ritualists
  21 orc knights
  Pikel (D:5)
  13 necromancers
  A mana viper (shapeshifter) (Depths:4)
  5 phantasmal warriors
  A wolf spider (D:15)
  An iron dragon zombie (Crypt:2)
  2 human zombies (Vaults:3)
  22 harpies
  14 mana vipers
  9 cyclopes
  5 orc sorcerers
  A tengu skeleton (Depths:3)
  56 deep elf magi
  A sphinx zombie (Depths:1)
  95 ugly things
  14 fauns
  16 manticores
  7 guardian serpents
  13 salamanders
  A fire giant skeleton (Depths:3)
  2 elf zombies
  A stone giant skeleton (Crypt:2)
  29 moths of wrath
  18 vault sentinels
  A guardian serpent (shapeshifter) (Vaults:4)
  2 centaur zombies (D:12)
  12 sirens
  2 frost giant skeletons
  36 black mambas
  6 water nymphs
  A dire elephant zombie (Abyss:2)
  A gargoyle (D:12)
  A torpor snail (Lair:5)
  2 smoke demons
  11 spiny frogs
  2 spriggan zombies (Depths:1)
  Psyche (D:10)
  4 molten gargoyles
  2 orange demons
  A white draconian zombie (Crypt:2)
  21 naga magi
  3 centaur skeletons
  A yaktaur zombie (Vaults:1)
  2 rime drakes (shapeshifter)
  3 kobold demonologists (D:14)
  2 hellions
  3 rime drakes
  57 yaktaurs
  5 tengu conjurers
  2 komodo dragons (shapeshifter)
  A spark wasp simulacrum (Depths:3)
  An entropy weaver simulacrum (Vaults:2)
  10 komodo dragons
  2 black draconian skeletons (Crypt:1)
  3 freezing wraiths
  A red devil (Depths:3)
  An ancient zyme (Abyss:2)
  A meliai (shapeshifter) (Depths:1)
  2 hellwings (Depths:2)
  A demonic crawler (Abyss:2)
  A queen bee (shapeshifter) (Depths:1)
  A golden dragon simulacrum (Depths:3)
  9 trolls
  42 merfolk
  2 yaktaur skeletons
  2 queen bees
  A shadow dragon simulacrum (Crypt:2)
  2 polar bears
  A wolf spider simulacrum (Crypt:2)
  A polar bear (shapeshifter) (Vaults:3)
  3 raiju
  8 hornets
  A two-headed ogre (shapeshifter) (Vaults:1)
  85 saltlings (Desolation)
  5 wind drakes
  17 two-headed ogres
  A hornet (shapeshifter) (Depths:5)
  13 snapping turtles
  A blink frog (shapeshifter) (D:15)
  10 large abominations
  An ettin zombie (Crypt:2)
  A bog body (Crypt:2)
  2 slime creatures (shapeshifter)
  A meliai zombie (D:15)
  15 slime creatures
  A frost giant simulacrum (Depths:3)
  A minotaur skeleton (Crypt:1)
  A raiju (shapeshifter) (D:13)
  9 hippogriffs
  2 fire giant simulacra
  A hippogriff (shapeshifter) (Vaults:1)
  6 dream sheep (Shoals:1)
  8 redbacks (Snake:4)
  2 tarantellas (shapeshifter)
  An ettin skeleton (Vaults:1)
  2 spriggan skeletons (Depths:1)
  3 ynoxinuls
  3 flying skulls (Crypt:2)
  2 spriggans (shapeshifter)
  2 air elementals (Elf:1)
  6 wraiths
  12 spriggans
  A shadow (D:11)
  18 water elementals
  57 yaks
  An orc simulacrum (Vaults:2)
  A wyvern (D:15)
  A basilisk (Lair:1)
  2 humans (shapeshifter)
  Eustachio (D:6)
  A basilisk (shapeshifter) (Vaults:1)
  A hog (shapeshifter) (Vaults:4)
  3 chaos spawn
  2 hogs (Lair:4)
  3 hungry ghosts
  A spriggan simulacrum (Depths:1)
  5 fire elementals
  Menkaure (D:5)
  2 steam dragons
  3 vampire mosquitoes (D:14)
  71 nagas
  8 wargs
  A mottled dragon (D:15)
  Edmund (D:3)
  A naga (shapeshifter) (Vaults:2)
  12 water moccasins
  A water moccasin (shapeshifter) (Depths:2)
  A merfolk skeleton (Crypt:1)
  10 porcupines
  5 hell hounds
  2 black bears
  A hornet zombie (D:11)
  A hydra simulacrum (Abyss:3)
  A slave (D:5)
  An eye of draining (shapeshifter) (Vaults:1)
  53 orc warriors
  3 phantoms
  3 sky beasts
  3 ice beasts
  4 necrophages
  40 ogres
  An eye of draining (D:12)
  7 wolves
  26 centaurs
  A tengu (shapeshifter) (Depths:4)
  19 boggarts
  An orc skeleton (Vaults:1)
  18 crocodiles
  9 big kobolds
  19 bullfrogs
  14 small abominations
  3 earth elementals
  A gnoll sergeant (Orc:1)
  A komodo dragon skeleton (Crypt:2)
  3 scorpions
  A scorpion (shapeshifter) (Vaults:1)
  A wyvern skeleton (D:10)
  2 human simulacra (Vaults:3)
  53 killer bees
  A manticore simulacrum (Crypt:1)
  21 wights
  4 electric eels
  4 howler monkeys
  4 lava snakes (Lair:5)
  6 hounds
  3 quasits
  5 crimson imps
  2 iron imps (Depths:3)
  3 bullfrog skeletons
  A bullfrog zombie (D:5)
  25 orc priests
  17 jellies
  3 iguanas
  22 orc wizards
  12 worker ants
  A crocodile skeleton (Crypt:2)
  A mottled dragon skeleton (Crypt:2)
  An ogre skeleton (Crypt:1)
  2 hound skeletons
  A howler monkey zombie (D:5)
  A worker ant zombie (Crypt:2)
  18 gnolls
  11 adders
  5 shadow imps
  A steam dragon skeleton (Crypt:2)
  A white imp (Depths:3)
  2 ufetubi (Depths:3)
  2 oozes
  An adder zombie (D:8)
  An adder skeleton (D:8)
  4 worms
  3 dart slugs
  4 leopard geckos
  105 orcs
  2 ball pythons
  17 bats
  11 giant cockroaches
  10 hobgoblins
  15 jackals
  7 quokkas
  4 frilled lizards
  5 goblins
  A jackal skeleton (D:7)
  2 jackal zombies
  37 kobolds
  10 rats
  A river rat skeleton (Crypt:2)
  A fungus (Lair:3)
  6 plants
  4 tentacles (Shoals:3)
2824 creatures vanquished.

Vanquished Creatures (collateral kills)
  An orb of fire (Zot:5)
  The ghost of Johnny the Slayer, a veteran DrIE of Sif Muna (Vaults:4)
  A Killer Klown (Zot:5)
  An electric golem (Zot:5)
  An Orb Guardian (Zot:5)
  A lich (Zot:3)
  A storm dragon (Zot:5)
  A deep elf sorcerer (Elf:3)
  Ilsuiw (Shoals:4)
  4 frost giants
  A draconian scorcher (Zot:5)
  3 deep elf annihilators
  A merfolk javelineer (Shoals:4)
  A merfolk impaler (Shoals:4)
  An ogre mage (Vaults:2)
  2 wizards
  2 deep trolls (Vaults:1)
  A deep elf archer (Elf:3)
  2 deep elf magi
  A moth of wrath (Zot:4)
  A vault sentinel (Vaults:4)
  A merfolk (Shoals:2)
  A water elemental (Shoals:2)
  A naga (Snake:4)
  An orc warrior (Vaults:1)
33 creatures vanquished.

Vanquished Creatures (others)
  A tentacled monstrosity (Zot:1)
  A merfolk impaler (Shoals:3)
  A merfolk aquamancer (Shoals:4)
  3 dancing weapons
  A deep elf knight (Elf:2)
  2 deep elf magi
  3 moths of wrath (Zot:5)
  A siren (Shoals:3)
  A merfolk (Shoals:2)
  An ogre (Vaults:3)
  A boggart (Vaults:3)
  A yaktaur simulacrum (Vaults:1)
  A lava snake (Lair:5)
  12 fungi (Lair:6)
  34 plants
  5 starspawn tentacles (Abyss:3)
  3 tentacles (Shoals:3)
72 creatures vanquished.

Grand Total: 2929 creatures vanquished

Notes
Turn   | Place    | Note
-------+----------+-------------------------------------------
     0 | D:1      | grothendieck the Spriggan Enchanter began the quest for the Orb.
     0 | D:1      | Reached XP level 1. HP: 9/9 MP: 5/5
   369 | D:1      | Reached XP level 2. HP: 10/13 MP: 6/6
   418 | D:1      | Learned a level 2 spell: Ensorcelled Hibernation
  1100 | D:1      | Reached skill level 5 in Stealth
  2010 | D:2      | Reached XP level 3. HP: 16/16 MP: 8/8
  2122 | D:1      | Learned a level 3 spell: Confuse
  2925 | D:2      | Reached XP level 4. HP: 20/21 MP: 1/9
  3228 | D:2      | Reached skill level 6 in Stealth
  3491 | D:2      | Reached skill level 5 in Hexes
  3674 | D:2      | Reached XP level 5. HP: 15/24 MP: 0/10
  4537 | D:3      | You fall through a shaft!
  4839 | D:4      | Noticed Edmund
  5027 | D:4      | Reached skill level 7 in Stealth
  5030 | D:4      | Noticed an ogre
  5048 | D:4      | Killed an ogre
  5048 | D:4      | Reached XP level 6. HP: 27/28 MP: 5/12
  5187 | D:4      | Reached skill level 8 in Stealth
  5452 | D:3      | Killed Edmund
  5537 | D:4      | Reached XP level 7. HP: 32/32 MP: 8/14
  5834 | D:4      | Found a blossoming altar of Fedhas.
  5942 | D:4      | Reached skill level 9 in Stealth
  6220 | D:5      | Entered Level 5 of the Dungeon
  6229 | D:5      | Found Anerun's Assorted Antiques.
  6233 | D:5      | Bought a purple potion for 26 gold pieces
  6233 | D:5      | Bought a viscous silvery potion for 26 gold pieces
  6233 | D:5      | Bought a scroll labeled ODUDOCRO TUTA for 29 gold pieces
  6245 | D:5      | Found a glowing drain.
  6264 | Sewer    | Entered a sewer
  6543 | Sewer    | Reached skill level 1 in Fighting
  7073 | D:4      | Reached skill level 10 in Stealth
  7073 | D:4      | Reached XP level 8. HP: 37/37 MP: 12/15
  7078 | D:4      | Learned a level 3 spell: Dazzling Spray
  7108 | D:4      | Reached skill level 5 in Dodging
  7808 | D:6      | Found a shadowy altar of Dithmenos.
  7833 | D:6      | Became a worshipper of Dithmenos the Shadowed
  7847 | D:6      | Found an ancient bone altar of Kikubaaqudgha.
  7877 | D:6      | Noticed Eustachio
  7882 | D:6      | Killed Eustachio
  8285 | D:6      | Reached skill level 11 in Stealth
  8467 | D:6      | Found a staircase to the Ecumenical Temple.
  8537 | Temple   | Entered the Ecumenical Temple
  9122 | D:7      | Reached * piety under Dithmenos
  9384 | D:7      | Reached XP level 9. HP: 36/43 MP: 2/16
  9743 | D:7      | Reached skill level 12 in Stealth
 10465 | D:8      | Found Pecopsit's Assorted Antiques.
 10475 | D:8      | Bought a bubbling dark potion for 19 gold pieces
 10475 | D:8      | Bought a fizzy brown potion for 19 gold pieces
 10475 | D:8      | Bought a scroll labeled TOKAHAMECI for 22 gold pieces
 10528 | D:8      | Reached ** piety under Dithmenos
 10937 | D:8      | Reached skill level 13 in Stealth
 11310 | D:9      | Reached skill level 10 in Hexes
 11816 | D:9      | Got a heavily runed steel ring
 11940 | D:9      | Reached *** piety under Dithmenos
 12189 | D:10     | Entered Level 10 of the Dungeon
 12387 | D:10     | Reached XP level 10. HP: 48/48 MP: 12/17
 12518 | D:10     | Noticed Nergalle
 12826 | D:10     | Reached skill level 14 in Stealth
 12917 | D:10     | Noticed an unseen horror
 12924 | D:10     | Killed an unseen horror
 12924 | D:10     | Reached skill level 5 in Spellcasting
 12992 | D:10     | Noticed Sonja
 13741 | D:10     | Found a staircase to the Orcish Mines.
 13905 | D:10     | Killed Sonja
 13905 | D:10     | Reached skill level 15 in Stealth
 13986 | D:10     | Reached **** piety under Dithmenos
 14055 | D:10     | Noticed Psyche
 14081 | D:10     | Killed Psyche
 14302 | D:10     | Killed Nergalle
 14302 | D:10     | Reached XP level 11. HP: 51/51 MP: 13/21
 14355 | D:10     | Noticed a hill giant
 14361 | D:10     | Killed a hill giant
 14498 | D:11     | Noticed Harold
 14520 | D:11     | Noticed flt's ghost (journeyman TrMo)
 14550 | D:11     | Found Awkyqila's Food Shoppe.
 14694 | D:11     | Found a staircase to the Lair.
 14849 | D:11     | Reached skill level 16 in Stealth
 15137 | D:11     | Killed flt's ghost
 15137 | D:11     | Reached skill level 10 in Dodging
 15158 | D:11     | Noticed a cyan ugly thing
 15178 | D:11     | Killed a cyan ugly thing
 15291 | D:11     | Noticed a four-headed hydra
 15404 | D:11     | Killed Harold
 15404 | D:11     | Reached skill level 5 in Short Blades
 15449 | D:11     | Killed a four-headed hydra
 15793 | D:11     | Reached skill level 17 in Stealth
 15944 | Lair:1   | Entered Level 1 of the Lair of Beasts
 16462 | Lair:2   | Reached XP level 12. HP: 56/56 MP: 22/22
 16564 | Lair:2   | Found a staircase to the Shoals.
 16570 | Lair:2   | Noticed an eight-headed hydra
 16578 | Lair:2   | Killed an eight-headed hydra
 17492 | Lair:3   | Noticed a death yak
 17504 | Lair:3   | Noticed a death yak
 17504 | Lair:3   | Noticed a death yak
 17552 | Lair:3   | Noticed a five-headed hydra
 17562 | Lair:3   | Killed a five-headed hydra
 17573 | Lair:3   | Noticed a death yak
 17596 | Lair:2   | Reached ***** piety under Dithmenos
 17639 | Lair:3   | Found a staircase to the Snake Pit.
 17951 | Lair:1   | Reached skill level 18 in Stealth
 18308 | D:8      | Bought a scroll of identify for 44 gold pieces
 18308 | D:8      | Bought a scroll of identify for 44 gold pieces
 18308 | D:8      | Identified the ring of Xufesaj {rPois Dex+2 Stlth+} (You took it off an orc priest on level 9 of the Dungeon)
 18312 | D:8      | Bought a triangular cabochon amulet for 110 gold pieces
 18569 | D:5      | Noticed Pikel
 18571 | D:5      | Killed Pikel
 18624 | D:5      | Noticed Menkaure
 18627 | D:5      | Killed Menkaure
 18670 | D:5      | Bought a scroll of identify for 58 gold pieces
 19154 | Lair:4   | Noticed Kirke
 19227 | Lair:3   | Noticed a death yak
 19229 | Lair:3   | Noticed a death yak
 19229 | Lair:3   | Noticed a death yak
 19284 | Lair:2   | Killed a death yak
 19284 | Lair:2   | Reached skill level 1 in Invocations
 19465 | Lair:2   | Killed a death yak
 19586 | Lair:2   | Killed a death yak
 19620 | Lair:2   | Killed a death yak
 19912 | Lair:3   | Killed a death yak
 20531 | Lair:4   | Reached XP level 13. HP: 61/61 MP: 19/25
 20888 | Lair:3   | Killed Kirke
 21035 | Lair:4   | Reached skill level 15 in Hexes
 22444 | Lair:6   | Entered Level 6 of the Lair of Beasts
 22495 | Lair:6   | Reached skill level 5 in Fighting
 22598 | Lair:6   | Found a staircase to the Slime Pits.
 22675 | Lair:6   | Found a frozen archway.
 24425 | Lair:6   | Reached XP level 14. HP: 70/70 MP: 0/26
 25780 | D:5      | Bought a twisted brass ring for 145 gold pieces
 25887 | D:8      | Bought an embroidered robe for 147 gold pieces
 26168 | Lair:1   | Learned a level 3 spell: Tukima's Dance
 27702 | Orc:1    | Entered Level 1 of the Orcish Mines
 27826 | Orc:2    | Entered Level 2 of the Orcish Mines
 27826 | Orc:2    | Found Guthrum's Book Shop.
 28020 | Orc:2    | Reached ****** piety under Dithmenos
 28403 | Orc:2    | Found Hoqofedi's Antique Weapon Emporium.
 28403 | Orc:2    | Found Biyqaipy's Assorted Antiques.
 28405 | Orc:2    | Found Hemaw's Book Shop.
 28407 | Orc:2    | Found Zayrig's Magic Scroll Shoppe.
 28418 | Orc:2    | Bought a scroll labeled OTEGRUAFAB for 28 gold pieces
 28664 | Orc:2    | Reached skill level 1 in Shields
 29222 | Orc:2    | Found a staircase to the Elven Halls.
 29627 | Orc:2    | Bought 2 scrolls of amnesia for 112 gold pieces
 29628 | Orc:2    | Bought a scroll of magic mapping for 56 gold pieces
 29628 | Orc:2    | Bought a scroll of summoning for 152 gold pieces
 29628 | Orc:2    | Bought a scroll of identify for 32 gold pieces
 29628 | Orc:2    | Bought 3 scrolls of identify for 96 gold pieces
 29628 | Orc:2    | Bought a scroll of teleportation for 48 gold pieces
 29628 | Orc:2    | Bought a scroll of fear for 56 gold pieces
 31479 | D:13     | Found a gate to the Vaults.
 31796 | D:14     | Found a white marble altar of Elyvilon.
 31949 | D:14     | Learned a level 1 spell: Apportation
 32374 | D:14     | Reached skill level 1 in Translocations
 32631 | D:14     | Noticed Azrael
 32634 | D:14     | Killed Azrael
 32634 | D:14     | Reached skill level 15 in Dodging
 33057 | D:14     | Reached skill level 10 in Short Blades
 33057 | D:14     | Reached XP level 15. HP: 77/77 MP: 7/27
 33187 | D:15     | Entered Level 15 of the Dungeon
 33654 | D:15     | Found a staircase to the Depths.
 34121 | Lair:1   | Learned a level 2 spell: Repel Missiles
 34253 | D:15     | Reached skill level 1 in Charms
 34253 | D:15     | Reached skill level 1 in Air Magic
 34607 | Lair:1   | Learned a level 4 spell: Summon Lightning Spire
 34691 | Snake:1  | Entered Level 1 of the Snake Pit
 34884 | Shoals:1 | Entered Level 1 of the Shoals
 35076 | Shoals:1 | Reached skill level 1 in Summonings
 35290 | Shoals:1 | Found a burning altar of Makhleb.
 35296 | Shoals:1 | Noticed a kraken
 36538 | Shoals:2 | Noticed Polyphemus
 36998 | Shoals:1 | Killed Polyphemus
 37175 | Shoals:2 | Identified the Catalogue of Boosts and Fire
 38400 | Shoals:2 | Learned a level 6 spell: Deflect Missiles
 38470 | Shoals:2 | Noticed a kraken
 38827 | Shoals:2 | Reached skill level 5 in Air Magic
 38834 | Shoals:2 | Reached XP level 16. HP: 83/83 MP: 11/29
 39828 | Shoals:3 | Noticed Jorgrun
 39844 | Shoals:3 | Killed Jorgrun
 39868 | Shoals:3 | Noticed a kraken
 39931 | Shoals:3 | Found Celecrut's Antique Weapon Boutique.
 40061 | Shoals:3 | Reached skill level 5 in Charms
 40196 | Shoals:3 | Reached skill level 5 in Summonings
 40686 | Shoals:3 | Noticed Nikola
 40771 | Shoals:1 | Reached skill level 5 in Shields
 41412 | Snake:1  | Found Jaddenn's Antique Weapon Shoppe.
 41413 | Snake:1  | Found Siamoko's Weapon Emporium.
 41413 | Snake:1  | Found Botsecaf's General Store.
 41417 | Snake:1  | Found Huloirchi's Gadget Emporium.
 41617 | Snake:1  | Noticed Aizul
 41627 | Snake:1  | Killed Aizul
 42298 | Snake:2  | Reached skill level 10 in Spellcasting
 43398 | Snake:3  | Found Qutogg's Weapon Boutique.
 43498 | Snake:3  | Reached XP level 17. HP: 88/88 MP: 32/32
 44404 | Snake:3  | Learned a level 2 spell: Blink
 44409 | Snake:3  | Learned a level 4 spell: Passage of Golubria
 44608 | Snake:4  | Entered Level 4 of the Snake Pit
 45123 | Snake:4  | Found Bicaif's Gadget Emporium.
 45126 | Snake:4  | Found Nainigeb's Jewellery Boutique.
 45128 | Snake:4  | Found Vijaidgh's Gadget Emporium.
 45314 | Snake:4  | Reached skill level 10 in Fighting
 47834 | Snake:3  | Reached skill level 10 in Air Magic
 48871 | Snake:4  | Got a serpentine rune of Zot
 50653 | Snake:4  | Reached XP level 18. HP: 95/95 MP: 19/33
 50907 | Snake:3  | Got a bloodstained flail
 51199 | Lair:1   | Learned a level 6 spell: Shadow Creatures
 51295 | Vaults:1 | Entered Level 1 of the Vaults
 51619 | Vaults:1 | Gained mutation: Your spells are a little easier to cast, but a little less powerful. [a neqoxec]
 51841 | Vaults:1 | Reached skill level 5 in Invocations
 51883 | Vaults:1 | Reached skill level 1 in Armour
 51930 | Vaults:1 | Found Ehecw's Jewellery Shop.
 52273 | Vaults:1 | Reached skill level 10 in Charms
 55761 | Vaults:1 | Bought the amulet of Zaulaj {-Tele rC++ rN+++ Regen+} for 1258 gold pieces
 55873 | Vaults:2 | Found a staircase to the Crypt.
 55987 | Vaults:2 | Found Caku Ett's Gadget Shop.
 56912 | Vaults:2 | Reached XP level 19. HP: 100/100 MP: 9/34
 59236 | Vaults:2 | Found Duesm's Jewellery Emporium.
 60243 | Vaults:3 | Cast into level 2 of the Abyss (a deep elf sorcerer)
 60244 | Abyss:2  | uggghhhh
 60312 | Vaults:3 | Escaped the Abyss
 61326 | Vaults:3 | Noticed Mara
 62149 | Vaults:4 | Noticed Johnny's ghost (veteran DrIE)
 62208 | Vaults:4 | Identified 2 scrolls of acquirement
 62255 | Vaults:4 | Reached skill level 5 in Translocations
 63082 | Vaults:4 | Reached XP level 20. HP: 105/105 MP: 32/36
 63126 | Vaults:3 | Got a heavily runed hat
 63137 | Vaults:3 | Identified the +0 hat of Fitil Xyri {rCorr Int+4} (You acquired it on level 3 of the Vaults)
 63161 | Vaults:3 | Reached skill level 10 in Summonings
 63161 | Vaults:3 | Reached XP level 21. HP: 109/109 MP: 12/37
 65079 | Vaults:4 | Killed Johnny's ghost
 65316 | Vaults:4 | Found Ymocsaon's Magic Scroll Boutique.
 65532 | Vaults:4 | Bought a scroll of identify for 40 gold pieces
 66146 | Orc:1    | Noticed Urug
 66327 | Orc:1    | Killed Urug
 67048 | Orc:1    | Found a roughly hewn altar of Beogh.
 67745 | Depths:1 | Entered Level 1 of the Depths
 67745 | Depths:1 | Found a huge runed gate.
 67745 | Depths:1 | Found a huge runed gate.
 67745 | Depths:1 | Found a huge runed gate.
 67745 | Depths:1 | Found a huge runed gate.
 67745 | Depths:1 | Found a huge runed gate.
 67747 | Depths:1 | Found a huge runed gate.
 67747 | Depths:1 | Found a gateway to Hell.
 67748 | Depths:1 | Found a huge runed gate.
 67748 | Depths:1 | Found a huge runed gate.
 68712 | Depths:1 | Found a huge runed gate.
 68713 | Depths:1 | Found a huge runed gate.
 68714 | Depths:1 | Found a huge runed gate.
 69186 | Depths:1 | Found a huge runed gate.
 69929 | Depths:1 | Found a huge runed gate.
 69929 | Depths:1 | Found a huge runed gate.
 69930 | Depths:1 | Found a huge runed gate.
 69937 | Depths:1 | Found a huge runed gate.
 69937 | Depths:1 | Found a huge runed gate.
 69937 | Depths:1 | Found a huge runed gate.
 69940 | Depths:1 | Found a huge runed gate.
 69940 | Depths:1 | Found a huge runed gate.
 69940 | Depths:1 | Found a huge runed gate.
 69941 | Depths:1 | Found a huge runed gate.
 69941 | Depths:1 | Found a huge runed gate.
 69942 | Depths:1 | Found a huge runed gate.
 69943 | Depths:1 | Found a huge runed gate.
 70072 | Depths:1 | Found a huge runed gate.
 70072 | Depths:1 | Found a huge runed gate.
 70072 | Depths:1 | Found a huge runed gate.
 70072 | Depths:1 | Found a huge runed gate.
 70072 | Depths:1 | Found a huge runed gate.
 70072 | Depths:1 | Found a huge runed gate.
 70072 | Depths:1 | Found a huge runed gate.
 70079 | Depths:1 | Found a huge runed gate.
 70126 | Depths:2 | Found a one-way gate leading to the halls of Pandemonium.
 70126 | Depths:2 | Noticed the Enchantress
 70128 | Depths:2 | Killed the Enchantress
 70500 | Depths:2 | Reached XP level 22. HP: 118/118 MP: 39/39
 71422 | Depths:2 | Noticed Saint Roka
 73629 | Depths:2 | Reached skill level 5 in Armour
 73663 | Depths:2 | Killed Saint Roka
 74154 | Depths:2 | Got faerie dragon scales
 74590 | Depths:2 | Identified the +8 faerie dragon scales {+Inv rF+} (You took it off the Enchantress on level 2 of the Depths)
 74997 | Depths:3 | Reached skill level 1 in Evocations
 75042 | Depths:3 | Noticed Boris
 75279 | Depths:3 | Noticed Jory
 75282 | Depths:3 | Killed Jory
 75287 | Depths:3 | Found a glowing golden altar of the Shining One.
 75945 | Depths:3 | Noticed Frederick
 75964 | Depths:3 | Killed Frederick
 75964 | Depths:3 | Reached XP level 23. HP: 125/125 MP: 24/41
 76102 | Depths:5 | Entered Level 5 of the Depths
 76344 | Depths:3 | Found a gateway to a ziggurat.
 76744 | Depths:3 | Noticed a caustic shrike
 76815 | Depths:3 | Killed a caustic shrike
 76815 | Depths:3 | Reached skill level 5 in Evocations
 77451 | Depths:3 | Got a crude lajatang
 78039 | Depths:4 | Reached skill level 15 in Fighting
 78063 | Depths:4 | Found a runed door.
 79239 | Depths:4 | Reached skill level 19 in Stealth
 81275 | Depths:4 | Noticed a caustic shrike
 81926 | Depths:4 | Noticed a caustic shrike
 81942 | Depths:4 | Killed a caustic shrike
 82419 | Depths:5 | Found a one-way gate to the infinite horrors of the Abyss.
 82419 | Depths:5 | Noticed Louise
 82430 | Depths:5 | Killed Louise
 82793 | Depths:5 | Reached XP level 24. HP: 133/133 MP: 36/41
 83991 | Depths:5 | Found a gate to the Realm of Zot.
 84697 | Depths:3 | Reached skill level 20 in Stealth
 84922 | Lair:1   | Learned a level 3 spell: Regeneration
 84928 | Lair:1   | Learned a level 5 spell: Silence
 85667 | Elf:1    | Entered Level 1 of the Elven Halls
 85983 | Elf:1    | Reached skill level 10 in Evocations
 86044 | Elf:1    | Reached skill level 10 in Invocations
 87377 | Elf:2    | Found a runed gate.
 87378 | Elf:2    | Found a runed gate.
 87406 | Elf:2    | Found a runed gate.
 87479 | Elf:2    | Reached skill level 1 in Long Blades
 87744 | Elf:2    | Found a ruined gateway.
 87755 | Desolati | Entered the Desolation of Salt
 87888 | Desolati | Identified the Volume of Conjuration and the Rocks
 88151 | Desolati | Got a glittering ivory ring
 88157 | Desolati | Got an ebony shortbow
 88295 | Desolati | Identified the ring "Goulu" {Wiz rC++} (You found it in the Desolation of Salt)
 88982 | Desolati | Identified the Handbook of Air
 88988 | Desolati | Got a fine jade ring
 88990 | Desolati | Identified the ring of a Thousand Seas {rPois MR+++ AC+2 Int-2 Dex+4} (You found it in the Desolation of Salt)
 89427 | Desolati | Got a flickering bone ring
 89730 | Desolati | Got a dazzling scimitar
 89731 | Desolati | Identified the +7 scimitar "Okupti" {freeze, *Contam MR++ Str+3 Int+4} (You found it in the Desolation of Salt)
 90003 | Lair:1   | Identified the ring of Ulug {*Tele +Fly rElec Str+4 Int-3} (You found it in the Desolation of Salt)
 90306 | Elf:2    | Reached XP level 25. HP: 139/139 MP: 38/41
 90450 | Elf:2    | Got a flickering golden ring
 90451 | Elf:2    | Identified Kofimp's Reference Book on the Entourage
 90454 | Elf:2    | Got a coiled copper amulet
 90460 | Elf:2    | Identified the ring "Peqifon" {Str+3 Int+3 Dex+2} (You found it on level 2 of the Elven Halls)
 90707 | Elf:2    | Learned a level 1 spell: Summon Butterflies
 90745 | Elf:3    | Entered Level 3 of the Elven Halls
 90955 | Elf:3    | Found Xaqol's Jewellery Emporium.
 91259 | Elf:3    | Reached skill level 5 in Long Blades
 92372 | Elf:3    | Got a translucent demon trident {vamp}
 93945 | Elf:3    | Got a pitted bone ring
 94473 | Elf:3    | Identified the ring "Itehirgh" {Ice MR+ Str+7} (You took it off a deep elf mage on level 3 of the Elven Halls)
 94484 | Elf:3    | Identified the amulet of Boruzy {Gourm +Fly Str+4} (You found it on level 2 of the Elven Halls)
 94650 | Elf:3    | Got a spiked cloak
 94656 | Elf:3    | Identified the +1 cloak "Imoecog" {rElec Int+4} (You found it on level 3 of the Elven Halls)
 94720 | Elf:3    | Identified the +7 demon trident of the Nexus {vamp, Int+7 Dex+3} (You took it off a deep elf sorcerer on level 3 of the Elven Halls)
 94746 | Elf:3    | Got a shimmering robe
 94757 | Elf:3    | Identified the +1 robe "Regh" {rN++ rCorr} (You acquired it on level 3 of the Elven Halls)
 94856 | Elf:3    | Got an encrusted morningstar {crush}
 95325 | Vaults:4 | Bought a scroll of blinking for 150 gold pieces
 95325 | Vaults:4 | Bought a scroll of acquirement for 1040 gold pieces
 95326 | Vaults:4 | Got distressingly furry storm dragon scales
 95337 | Vaults:4 | Identified the +1 storm dragon scales of Ceafing {rElec rN+ Slay-4 SInv} (You acquired it on level 4 of the Vaults)
 96078 | Shoals:2 | Killed Nikola
 96818 | Shoals:4 | Entered Level 4 of the Shoals
 97372 | Shoals:4 | Noticed Ilsuiw
 97375 | Shoals:4 | Found Uhis Qol's Gadget Shoppe.
 98848 | Shoals:4 | Got a barnacled rune of Zot
 98985 | Shoals:4 | Got a fine ruby amulet
 99013 | Shoals:4 | Identified the amulet "Nisim" {Inacc rC++ Dex+5 Stlth+} (You found it on level 4 of the Shoals)
 99474 | Shoals:4 | Killed Ilsuiw
100299 | Lair:1   | Identified the +7 lajatang of Lies {elec, rC- rN+ Dex+2} (You found it on level 3 of the Depths)
101136 | Depths:1 | Reached skill level 10 in Armour
102390 | Depths:4 | Reached XP level 26. HP: 145/145 MP: 41/41
102991 | Depths:4 | Identified Sif Muna's Grimoire of Shifting Attacks
103922 | Depths:4 | Got a faintly glowing hand crossbow
105814 | Depths:4 | Voluntarily entered the Abyss.
106339 | Abyss:2  | Reached skill level 10 in Long Blades
106523 | Abyss:2  | Found a blossoming altar of Fedhas.
106891 | Abyss:3  | Found a corrupted altar of Lugonu.
107023 | Abyss:3  | Found a corrupted altar of Lugonu.
107224 | Abyss:3  | Found a glowing golden altar of the Shining One.
107305 | Abyss:3  | Noticed a juggernaut
107307 | Abyss:3  | Killed a juggernaut
107310 | Abyss:3  | Got an abyssal rune of Zot
107314 | Abyss:3  | Found a glowing golden altar of the Shining One.
107324 | Depths:4 | Escaped the Abyss
107579 | D:11     | Reached skill level 21 in Stealth
107621 | Lair:1   | Learned a level 5 spell: Summon Mana Viper
107624 | Lair:1   | Learned a level 2 spell: Swiftness
107809 | Depths:3 | Killed Boris
107941 | Zot:1    | Entered Level 1 of the Realm of Zot
108308 | Zot:1    | Noticed an orb of fire
110221 | Zot:2    | Reached skill level 22 in Stealth
110758 | Zot:3    | Reached XP level 27. HP: 151/151 MP: 40/41
111856 | Zot:4    | Reached skill level 23 in Stealth
112897 | Zot:4    | Noticed an orb of fire
113172 | Zot:3    | Reached skill level 15 in Evocations
113329 | Zot:5    | Entered Level 5 of the Realm of Zot
114894 | Zot:5    | Reached skill level 24 in Stealth
115321 | Zot:5    | Noticed an ancient lich
115354 | Zot:5    | Killed an ancient lich
116346 | Zot:5    | Noticed an orb of fire
116644 | Zot:4    | Killed an orb of fire
116817 | Zot:5    | Gained mutation: Your magical capacity is low. (-10% MP) [an orb of fire]
116818 | Zot:5    | Killed an orb of fire
116949 | Zot:5    | Noticed an orb of fire
117680 | Zot:5    | Reached skill level 25 in Stealth
118148 | Zot:5    | Noticed an orb of fire
118230 | Zot:5    | Gained mutation: You occasionally shout uncontrollably at your foes. [an orb of fire]
118234 | Zot:5    | Gained mutation: Your body sometimes deteriorates upon taking damage. [an orb of fire]
118252 | Zot:5    | Killed an orb of fire
118362 | Zot:4    | Lost mutation: You occasionally shout uncontrollably at your foes. [potion of cure mutation]
118362 | Zot:4    | Lost mutation: Your spells are a little easier to cast, but a little less powerful. [potion of cure mutation]
118362 | Zot:4    | Lost mutation: Your body sometimes deteriorates upon taking damage. [potion of cure mutation]
118590 | Zot:5    | Noticed an orb of fire
118675 | Zot:5    | Killed an orb of fire
118785 | Zot:5    | Noticed an orb of fire
119004 | Zot:5    | Killed an orb of fire
119104 | Zot:5    | Noticed an orb of fire
121500 | Zot:5    | Killed an orb of fire
121500 | Zot:5    | Reached skill level 26 in Stealth
122237 | Zot:5    | Killed an orb of fire
126222 | Orc:2    | Bought a book of Geomancy for 490 gold pieces
126225 | Orc:2    | Learned a level 2 spell: Passwall
126230 | Orc:2    | Bought a scroll of enchant weapon for 120 gold pieces
126465 | Snake:1  | Bought a potion of beneficial mutation for 665 gold pieces
126465 | Snake:1  | Gained mutation: Your mind is acute. (Int +2) [potion of beneficial mutation]
126716 | Crypt:1  | Entered Level 1 of the Crypt
127059 | Crypt:1  | Reached skill level 27 in Stealth
127247 | Crypt:1  | Reached skill level 1 in Transmutations
127374 | Crypt:1  | Reached skill level 1 in Earth Magic
128199 | Crypt:2  | Reached skill level 1 in Necromancy
130575 | Crypt:3  | Entered Level 3 of the Crypt
131143 | Zot:5    | Got the Orb of Zot
131833 | D:$      | Escaped with the Orb!

Skill      XL: |  1  2  3  4  5  6  7  8  9 10 11 12 13 14 15 16 17 18 19 20 21 22 23 24 25 26 27 |
---------------+----------------------------------------------------------------------------------+-----
Stealth        | 5 6 7 8 10 11 13 15 17 18 19 20 22 27 | 27.0
Hexes          | 4 5 6 7 9 10 12 13 14 15 16 17 18 | 18.1
Dodging        | 4 6 8 9 10 12 13 15 16 18 19 20 21 22 23 | 23.4
Spellcasting   | 3 4 6 7 8 10 11 12 13 14 | 14.5
Fighting       | 1 2 3 6 8 9 10 11 13 14 15 16 17 19 | 19.4
Short Blades   | 3 5 6 8 10 | 10.7
Invocations    | 3 4 6 8 9 10 11 13 | 13.4
Shields        | 3 4 5 7 |  7.2
Translocations | 3 5 |  5.8
Charms         | 4 5 9 12 14 | 14.5
Air Magic      | 5 7 10 | 10.7
Summonings     | 4 5 7 9 10 11 12 | 12.1
Armour         | 3 5 7 8 10 | 10.4
Evocations     | 4 8 10 12 18 | 18.7
Long Blades    | 4 8 11 13 | 13.6
Transmutations | 2 |  2.4
Earth Magic    | 1 |  1.6
Necromancy     | 3 |  3.1
Axes           | |  0.8

Action                   |  1- 3 |  4- 6 |  7- 9 | 10-12 | 13-15 | 16-18 | 19-21 | 22-24 | 25-27 || total
-------------------------+-------+-------+-------+-------+-------+-------+-------+-------+-------++-------
Melee: Dagger            |   186 |    75 |   254 |   197 |   575 |   671 |   674 |       |       ||  2632
       Whip              |    15 |       |       |       |       |       |       |       |       ||    15
       Club              |     6 |       |       |       |       |       |       |       |       ||     6
       Rapier            |       |       |    63 |    50 |    60 |       |    19 |       |       ||   192
       Scimitar          |       |       |       |       |     5 |       |       |       |       ||     5
       Short sword       |       |       |       |       |       |     1 |       |       |       ||     1
       Quick blade       |       |       |       |       |       |       |    15 |  1441 |  2044 ||  3500
       Eveningstar       |       |       |       |       |       |       |     3 |       |       ||     3
       Demon blade       |       |       |       |       |       |       |       |   152 |   799 ||   951
       Quarterstaff      |       |       |       |       |       |       |       |       |     3 ||     3
 Fire: Hunting sling     |       |       |       |       |     9 |       |       |       |       ||     9
Throw: Stone             |       |    12 |       |       |       |       |       |       |       ||    12
 Cast: Corona            |     5 |       |       |       |       |       |       |       |       ||     5
       Ensorcelled Hiber |    28 |    63 |   131 |   232 |   317 |   533 |   485 |   501 |   320 ||  2610
       Confuse           |       |       |    19 |    27 |   100 |   147 |   104 |   272 |   441 ||  1110
       Dazzling Spray    |       |       |       |     5 |   112 |    71 |   142 |   226 |   607 ||  1163
       Tukima's Dance    |       |       |       |       |     6 |     3 |       |     1 |    24 ||    34
       Repel Missiles    |       |       |       |       |     2 |     2 |     2 |       |       ||     6
       Apportation       |       |       |       |       |       |     4 |       |     1 |     2 ||     7
       Summon Lightning  |       |       |       |       |       |    16 |    20 |     4 |     8 ||    48
       Blink             |       |       |       |       |       |     3 |       |     1 |       ||     4
       Deflect Missiles  |       |       |       |       |       |       |     3 |     4 |     5 ||    12
       Shadow Creatures  |       |       |       |       |       |       |     9 |     1 |    18 ||    28
       Regeneration      |       |       |       |       |       |       |       |     1 |     3 ||     4
       Silence           |       |       |       |       |       |       |       |       |     2 ||     2
       Summon Butterflie |       |       |       |       |       |       |       |       |     5 ||     5
       Summon Mana Viper |       |       |       |       |       |       |       |       |    67 ||    67
       Passwall          |       |       |       |       |       |       |       |       |     1 ||     1
Invok: Shadow Step       |       |       |       |       |     7 |     4 |     1 |     9 |     5 ||    26
       Shadow Form       |       |       |       |       |       |       |       |       |     1 ||     1
 Abil: Evoke Flight      |       |       |       |       |     1 |     1 |       |     2 |       ||     4
       Stop Flying       |       |       |       |       |       |     1 |       |       |       ||     1
       Evoke Invisibilit |       |       |       |       |       |       |       |       |     5 ||     5
Evoke: Wand              |       |       |       |     1 |     1 |     1 |       |       |    21 ||    24
  Use: Scroll            |       |     4 |     9 |     7 |    12 |     8 |    15 |     8 |    34 ||    97
       Potion            |       |       |       |       |       |       |     2 |     1 |     3 ||     6
 Stab: Sleeping          |    21 |    46 |   117 |   134 |   283 |   310 |   303 |   336 |   250 ||  1800
       Confused          |       |       |    16 |    19 |    50 |    77 |    68 |   118 |   177 ||   525
       Distracted        |       |       |     1 |     4 |     8 |     6 |     4 |    18 |    51 ||    92
       Paralysed         |       |       |       |     1 |       |       |       |       |       ||     1
       Invisible         |       |       |       |       |    26 |    22 |    16 |    18 |   110 ||   192
  Eat: Bread ration      |     1 |       |     1 |       |     3 |     1 |     2 |     2 |     7 ||    17
       Royal jelly       |       |       |     1 |       |       |     2 |       |     3 |     2 ||     8
       Pizza             |       |       |       |     1 |       |     1 |     1 |     1 |     1 ||     5
       Fruit             |       |       |       |     5 |     2 |     1 |       |       |     7 ||    15
Armor: Robe              |    16 |     7 |    15 |       |       |       |       |       |       ||    38
       Troll leather arm |       |       |       |     4 |     8 |    20 |    22 |    12 |       ||    66
       Mottled dragon sc |       |       |       |       |       |       |       |    65 |   185 ||   250
       Skin              |       |       |       |       |       |       |       |       |     1 ||     1
Dodge: Dodged            |   123 |    50 |   166 |    78 |   308 |   387 |   416 |  1015 |  1718 ||  4261
       Deflected         |       |       |       |       |    18 |    19 |    23 |    42 |    47 ||   149
Block: Buckler           |       |       |       |       |    85 |   157 |   153 |   353 |   764 ||  1512
       Rpst.: Scimitar   |       |       |       |       |     1 |       |       |       |       ||     1
       Demon blade       |       |       |       |       |       |       |       |    69 |   111 ||   180
